 Dungeon Crawl Stone Soup version 0.30-a0-297-g0ec75d9ef4 (webtiles) character file.

Game seed: 14312109073434656248

81981 Dnbvrw the Unseen (level 15, -5/78 HPs)
             Began as a Spriggan Enchanter on Oct 18, 2022.
             Was the Champion of Dithmenos.
             Killed by an exploding orc (6 damage)
             ... ignited by their inner flame
             ... on level 2 of the Orcish Mines.
             The game lasted 01:02:26 (19227 turns).

Dnbvrw the Unseen (Spriggan Enchanter)             Turns: 19227, Time: 01:02:26

Health: -5/78      AC: 15    Str: 16    XL:     15   Next: 28%
Magic:  35/35      EV: 32    Int: 17    God:    Dithmenos [******]
Gold:   1670       SH:  0    Dex: 26    Spells: 33/44 levels left

rFire   + . .      SeeInvis +    o - +12 pair of quick blades "Gyre" and "Gimble" {protect}
rCold   . . .      Faith    .    (shield currently unavailable)
rNeg    + . .      Spirit   .    A - +2 robe {rF+}
rPois   .          Reflect  .    j - +1 hat of Piemedih {Regen+ rCorr Str+6 Dex-3}
rElec   .          Harm     .    m - +2 cloak
rCorr   +          Rampage  .    (gloves unavailable)
Will    ++...                    (boots unavailable) Stlth *****+++++
                                 d - amulet of regeneration
HPRegen 1.93/turn                P - ring "Henoeliss" {rN+ Dex+6}
MPRegen 0.24/turn                w - +6 ring of dexterity

@: under a protective aura, wreathed by umbra, very quick
A: very small, no large weapons, unfitting armour, see invisible, speed 3, horns
1
a: Renounce Religion, Shadow Step, Shadow Form


You were on level 2 of the Orcish Mines.
You worshipped Dithmenos.
Dithmenos was exalted by your worship.
You visited 4 branches of the dungeon, and saw 22 of its levels.
You also visited: Bailey.

You collected 2224 gold pieces.
You spent 554 gold pieces at shops.

Inventory:

Hand Weapons
 a - a +2 spectral dagger
 e - the +11 dagger of Parts Unknown {vorpal, rPois Int+4 Dex+4 Stlth+}
   (You found it on level 2 of the Dungeon)

   It inflicts extra damage upon your enemies.
   Int:       It affects your intelligence (+4).
   Dex:       It affects your dexterity (+4).
   rPois:     It protects you from poison.
   Stlth:     It makes you more stealthy.
 o - the +12 pair of quick blades "Gyre" and "Gimble" (weapon) {protect}
   (You found it on level 14 of the Dungeon)

   It grants its wielder temporary protection when it strikes (+7 to AC).
Missiles
 u - 11 curare-tipped darts (quivered)
 Q - a throwing net
Armour
 j - the +1 hat of Piemedih (worn) {Regen+ rCorr Str+6 Dex-3}
   (You acquired it on level 3 of the Dungeon)

   Str:       It affects your strength (+6).
   Dex:       It affects your dexterity (-3).
   Regen:     It increases your rate of health regeneration.
   rCorr:     It protects you from acid and corrosion.
 m - a +2 cloak (worn)
 A - a +2 robe of fire resistance (worn)
 G - a +2 robe of willpower
 N - a +2 robe of cold resistance
Jewellery
 d - an amulet of regeneration (around neck)
 g - a ring of flight
 w - a +6 ring of dexterity (right hand)
 F - an amulet of the acrobat
 H - a ring of protection from fire
 K - a ring of protection from cold
 P - the ring "Henoeliss" (left hand) {rN+ Dex+6}
   (You found it on level 13 of the Dungeon)

   [ring of positive energy]

   Dex:       It affects your dexterity (+6).
   rN:        It protects you from negative energy.
Wands
 l - a wand of light (4)
 x - a wand of polymorph (9)
 y - a wand of paralysis (24)
 C - a wand of flame (41)
 E - a wand of digging (7)
 M - a wand of iceblast (11)
 R - a wand of mindburst (8)
Scrolls
 b - 7 scrolls of enchant weapon
 k - 9 scrolls of teleportation
 n - 5 scrolls of amnesia
 p - 3 scrolls of magic mapping
 s - 3 scrolls of fog
 v - 3 scrolls of poison
 I - 2 scrolls of enchant armour
 J - a scroll of summoning
 L - 4 scrolls of vulnerability
Potions
 c - 4 potions of invisibility
 f - 4 potions of magic
 h - 4 potions of resistance
 i - 10 potions of curing
 q - 5 potions of haste
 r - 2 potions of cancellation {unknown}
 t - a potion of might {unknown}
 z - 5 potions of heal wounds
 B - 4 potions of brilliance
 D - 3 potions of lignification {unknown}
 O - 4 potions of berserk rage {unknown}
 T - 4 potions of flight
 V - a potion of mutation
 W - 2 potions of ambrosia
Miscellaneous
 S - a box of beasts
 X - a tin of tremorstones (2/2)


   Skills:
 + Level 8.4 Fighting
 + Level 11.1 Short Blades
 + Level 13.2 Dodging
 + Level 19.1 Stealth
 + Level 15.4 Spellcasting
 + Level 15.6 Hexes


You had 33 spell levels left.
You knew the following spells:

 Your Spells              Type           Power      Damage    Failure   Level
a - Ensorcelled Hibernat  Hex/Ice        78%        N/A       1%          2
b - Tukima's Dance        Hex            60%        N/A       1%          3
c - Dazzling Flash        Conj/Hex       78%        N/A       1%          3
d - Confusing Touch       Hex            60%        N/A       1%          3

Your spell library contained the following spells:

 Spells                   Type           Power      Damage    Failure   Level
 Summon Guardian Golem    Hex/Summ       39%        N/A       1%          3
 Foxfire                  Conj/Fire      52%        2x1d6     4%          1
 Necrotise                Necr           52%        1d6       4%          1
 Sting                    Tmut/Pois      52%        1d5       4%          1
 Summon Small Mammal      Summ           52%        N/A       4%          1
 Blink                    Tloc           26%        N/A       8%          2
 Momentum Strike          Conj/Tloc      26%        3d8       8%          2
 Poisonous Vapours        Pois/Air       26%        N/A       8%          2
 Call Canine Familiar     Summ           13%        N/A       14%         3
 Lesser Beckoning         Tloc           26%        N/A       14%         3
 Vampiric Draining        Necr           13%        2d6       14%         3
 Vhi's Electric Charge    Tloc/Air       26%        N/A       14%         3
 Olgreb's Toxic Radiance  Pois           13%        N/A       43%         4
 Agony                    Necr           13%        N/A       80%         5
 Arcjolt                  Conj/Air       6%         1d16      80%         5
 Fireball                 Conj/Fire      6%         3d5       80%         5
 Starburst                Conj/Fire      6%         6d4       100%        6
 Maxwell's Capacitive Co  Air            6%         ∞         100%        8


Dungeon Overview and Level Annotations

Branches:
Dungeon (14/15)            Temple (1/1) D:6            Lair (5/5) D:8
 Shoals (0/4) Lair:2        Snake (0/4) Lair:2        Slime (0/5) Lair:4
    Orc (2/2) D:10            Elf (0/3) Orc:2        Vaults (0/5) D:13
 Bailey (visited)

Altars:
Ashenzari
Cheibriados
Dithmenos
Elyvilon
Fedhas
Gozag
Hepliaklqana
Kikubaaqudgha
Makhleb
Nemelex Xobeh
Okawaru
Qazlal
Ru
Sif Muna
Uskayaw
Vehumet
Wu Jian
Xom
Yredelemnul
Zin
The Shining One
Jiyva
Lugonu

Shops:
D:6 *[=   D:14 ?[:*   Orc:2 !*

Portals:
Abyss: Lair:5

Annotations:
D:6 2 transporters, foxfromabyss's ghost, novice TrFi
D:14 Eczuitwu's ghost, adept GnHW; Guhulijo's ghost, journeyman FeAE; Ignak's ghost, adept GnHW; Qetzeseq's ghost, journeyman MeCj; Qyz Coesm's ghost, journeyman FeAE; Viumn's ghost, adept MiBe


Innate Abilities, Weirdness & Mutations

You are very small and have problems with some larger weapons.
You are too small for most types of armour.
You have supernaturally acute eyesight. (SInv)
You cover ground extremely quickly. (Speed+++)
You have a pair of small horns on your head.


Message History

Flame seeps out of the orc high priest.
The orc high priest is moderately wounded.
The orc warrior explodes!
The fiery explosion engulfs the orc!!
Dithmenos accepts your kill.
The orc explodes!
The fiery explosion engulfs the orc high priest!!
Flame seeps out of the orc high priest.
The orc high priest is almost dead.
The orc warrior explodes!
The fiery explosion engulfs the orc high priest!!!
Dithmenos accepts your kill.
The sun demon disappears in a puff of smoke!
The orc high priest explodes!
The orc priest explodes!
The orc sorcerer explodes!
The orc explodes!
The fiery explosion engulfs the orc!!
Dithmenos accepts your kill.
The fiery explosion engulfs the orc warrior!
Flame seeps out of the orc warrior.
The orc warrior is moderately wounded.
The fiery explosion engulfs the orc wizard!!!
Dithmenos accepts your kill.
The orc wizard explodes!
The fiery explosion engulfs the orc warrior!!
Dithmenos accepts your kill.
The orc warrior explodes!
The fiery explosion engulfs you! You resist.
You emit a cloud of dark smoke.
The orc explodes!
The orc wizard explodes! x3; The orc warrior explodes!
The fiery explosion engulfs you! You resist.
The orc warrior explodes!
The fiery explosion engulfs you! You resist.
* * * LOW HITPOINT WARNING * * *
The orc explodes!
The fiery explosion engulfs you!! You resist.
* * * LOW HITPOINT WARNING * * *
The fiery explosion engulfs the orc!!
Dithmenos accepts your kill.
The orc explodes!
The fiery explosion engulfs you. You resist.
You die...

#............#
#............# .
#............# ..
##...........######oo.
#............#§§....o.
#............#§§§§....
##.........§§§§§§§.§..
#...)......§§§§§§§§§§.
#..........§§@§§§○§§§.
#..........§§§§§§§§§§.
#)).........§§§§§§§§..
#............#.§§§§...
#......$.....#.§§§§...
##...........######o..
#...........# ...
#............#
##...........#


You could see an orc warrior (inner flame), 2 orc priests and an orc (inner
flame).

Vanquished Creatures
  An acid blob (Lair:4)
  A minotaur (Lair:3)
  The ghost of borntocrawl the Wallflower, a journeyman DsHu of Uskayaw (Lair:3)
  2 ettins (D:14)
  A yaktaur captain (D:13)
  Josephine (D:11)
  An entropy weaver (shapeshifter) (Lair:5)
  3 hydras
  An ogre mage (D:14)
  Erolcha (Orc:2)
  A catoblepas (Lair:1)
  Erica (D:10)
  A boulder beetle (shapeshifter) (Lair:5)
  5 centaur warriors
  A boulder beetle (D:12)
  8 two-headed ogres
  6 death yaks
  A tengu warrior (D:12)
  3 thrashing horrors (Lair:5)
  An orc high priest (Orc:2)
  A spriggan berserker (D:14)
  2 large abominations (Lair:5)
  3 skeletal warriors (D:12)
  Sonja (D:12)
  A lindwurm (Lair:4)
  Pikel (D:4)
  An orc knight (Bailey)
  3 oklob plants
  2 deep elf pyromancers
  7 ugly things
  2 manticores
  2 orc sorcerers (Orc:2)
  7 cyclopes
  7 elephants (Lair:4)
  3 black mambas
  Maurice (D:8)
  A gargoyle (D:6)
  A torpor snail (Lair:5)
  16 cane toads
  An unseen horror (D:11)
  A rime drake (shapeshifter) (Lair:5)
  A yaktaur (D:13)
  13 komodo dragons
  6 rime drakes
  Psyche (D:8)
  A kobold demonologist (D:12)
  4 ancient zymes (Lair:5)
  A tengu conjurer (D:12)
  4 trolls
  13 slime creatures
  22 blink frogs
  A spriggan (Lair:5)
  A shadow (D:10)
  A ynoxinul (Lair:5)
  5 wraiths
  31 yaks
  4 wyverns
  Grum (D:8)
  A steam dragon (D:5)
  9 basilisks
  11 small abominations (Lair:5)
  2 chaos spawn (Lair:5)
  9 vampire mosquitoes
  4 wargs
  2 acid dragons
  10 water moccasins
  A floating eye (shapeshifter) (Lair:5)
  Duvessa (D:7)
  23 orc warriors
  An ice beast (D:6)
  A floating eye (Lair:5)
  4 black bears
  2 sky beasts
  The ghost of Voker57 the Ducker, an amateur DsGl (D:3)
  4 ogres
  11 wolves
  4 lemures (D:4)
  11 centaurs
  3 phantoms
  4 kobold brigands
  3 scorpions
  A necrophage (D:6)
  15 bullfrogs
  7 wights
  2 troll zombies (D:10)
  An electric eel (D:6)
  6 howler monkeys
  2 hounds (D:6)
  Crazy Yiuf (D:3)
  A jelly (D:6)
  14 orc priests
  7 iguanas
  26 orc wizards
  4 ogre zombies (D:10)
  A boggart simulacrum (D:14)
  2 gnolls
  9 adders
  A white imp (D:6)
  2 ufetubi
  4 worms
  6 dart slugs
  78 orcs
  6 ball pythons
  12 endoplasms
  5 giant cockroaches
  14 goblins
  6 hobgoblins
  2 jackals (D:4)
  19 kobolds
  3 quokkas
  4 bats (D:1)
  2 frilled lizards
  A goblin skeleton (D:10)
  A hobgoblin skeleton (D:10)
  3 hobgoblin zombies (D:10)
  2 orc skeletons (D:10)
  12 orc zombies (D:10)
  7 rats
  A bush (Lair:2)
627 creatures vanquished.

Vanquished Creatures (collateral kills)
  An orc warrior (Bailey)
  A wight (D:10)
  Dowan (D:7)
  An orc wizard (D:8)
  3 kobolds
7 creatures vanquished.

Vanquished Creatures (others)
  3 dancing weapons
  A kobold (D:12)
  5 fungi
  6 plants
15 creatures vanquished.

Grand Total: 649 creatures vanquished

Notes
Turn   | Place    | Note
-------+----------+-------------------------------------------
     0 | D:1      | Dnbvrw the Spriggan Enchanter began the quest for the Orb.
     0 | D:1      | Reached XP level 1. HP: 9/9 MP: 5/5
   279 | D:1      | Reached XP level 2. HP: 11/13 MP: 7/7
   284 | D:1      | Learned a level 2 spell: Ensorcelled Hibernation
   541 | D:1      | Reached XP level 3. HP: 16/16 MP: 9/9
  1190 | D:2      | Identified the +11 dagger of Parts Unknown {vorpal, rPois
                  | Int+4 Dex+4 Stlth+}
  1388 | D:3      | Learned a level 3 spell: Tukima's Dance
  1392 | D:3      | Learned a level 3 spell: Confusing Touch
  1425 | D:3      | Reached XP level 4. HP: 21/21 MP: 11/11
  1451 | D:3      | Reached skill level 5 in Hexes
  1514 | D:3      | Found a faded altar of an unknown god.
  1968 | D:3      | Found a snail-covered altar of Cheibriados.
  1995 | D:3      | Found a burning altar of Makhleb.
  2012 | D:3      | Identified a scroll of acquirement
  2012 | D:3      | Acquired the +1 hat of Piemedih {Regen+ rCorr Str+6 Dex-3}
  2112 | D:3      | Found a runed translucent door.
  2118 | D:3      | Noticed a bullfrog
  2119 | D:3      | Noticed Voker57's ghost (amateur DsGl)
  2375 | D:3      | Reached XP level 5. HP: 24/24 MP: 10/13
  2377 | D:3      | Reached skill level 5 in Spellcasting
  2381 | D:3      | Reached skill level 5 in Stealth
  2397 | D:3      | Killed Voker57's ghost
  2398 | D:3      | Reached XP level 6. HP: 28/28 MP: 1/15
  2570 | D:3      | Found a runed translucent door.
  2571 | D:3      | Noticed Crazy Yiuf
  2578 | D:3      | Killed Crazy Yiuf
  2878 | D:4      | Found an ancient bone altar of Kikubaaqudgha.
  2902 | D:4      | Noticed Pikel
  2926 | D:4      | Killed Pikel
  2927 | D:4      | Reached skill level 7 in Stealth
  2927 | D:4      | Reached XP level 7. HP: 20/32 MP: 12/18
  3218 | D:4      | Reached skill level 8 in Stealth
  3354 | D:4      | Found a large runed translucent door.
  3354 | D:4      | Found a large runed translucent door.
  3359 | D:4      | Noticed a two-headed ogre
  3360 | D:4      | Found a large runed translucent door.
  3360 | D:4      | Found a large runed translucent door.
  3390 | D:4      | Killed a two-headed ogre
  3391 | D:4      | Reached skill level 9 in Stealth
  3391 | D:4      | Reached XP level 8. HP: 3/36 MP: 15/21
  3482 | D:4      | Reached skill level 10 in Stealth
  3663 | D:5      | Entered Level 5 of the Dungeon
  3664 | D:5      | Found a glowing golden altar of the Shining One.
  3733 | D:5      | Reached XP level 9. HP: 39/39 MP: 11/22
  4001 | D:5      | Found a basalt altar of Yredelemnul.
  4077 | D:5      | Identified the +4 whip of the Jolly Artisans {pain, rElec
                  | Int+4}
  4159 | D:5      | Found a sacrificial altar of Ru.
  4162 | D:5      | Found a stormy altar of Qazlal.
  4183 | D:5      | Reached skill level 11 in Stealth
  4308 | D:5      | Found a hazy altar of Hepliaklqana.
  4309 | D:5      | Found a shimmering altar of Xom.
  4310 | D:5      | Noticed a spectral ugly thing
  4310 | D:5      | Noticed an unseen horror
  4310 | D:5      | Noticed an unseen horror
  4534 | D:6      | Found Ystryhih's Assorted Antiques.
  4536 | D:6      | Found Xonowes's Armour Boutique.
  4538 | D:6      | Found Sienlosch's Jewellery Shop.
  4551 | D:6      | Reached skill level 10 in Hexes
  4556 | D:6      | Bought a scroll labelled AMAXAM LELUNA for 22 gold pieces
  4612 | D:6      | Found a transporter.
  4618 | D:6      | Identified the +0 chain mail "Fegyan" {Rampage rN+++ Will-
                  | Slay-3}
  4677 | D:6      | Found a staircase to the Ecumenical Temple.
  4692 | Temple   | Entered the Ecumenical Temple
  4704 | Temple   | Became a worshipper of Dithmenos the Shadowed
  4878 | D:6      | Noticed a red ugly thing
  4881 | D:6      | Killed a red ugly thing
  4882 | D:6      | Reached skill level 12 in Stealth
  4882 | D:6      | Reached skill level 10 in Spellcasting
  4892 | D:6      | Noticed a gargoyle
  4898 | D:6      | HP: 1/39 [gargoyle/+1 vorpal mace (5)]
  4948 | D:6      | Noticed foxfromabyss's ghost (novice TrFi)
  4991 | D:6      | Found a transporter.
  5103 | D:6      | Killed a gargoyle
  5270 | D:7      | Reached XP level 10. HP: 44/44 MP: 25/25
  5273 | D:7      | Found a radiant altar of Vehumet.
  5288 | D:7      | Noticed Dowan
  5435 | D:7      | Noticed Duvessa
  5448 | D:7      | Killed Duvessa
  5449 | D:7      | Reached skill level 1 in Fighting
  5454 | D:7      | Killed Dowan
  5696 | D:7      | Found an opulent altar of Gozag.
  6543 | D:8      | Reached * piety under Dithmenos
  6589 | D:8      | Noticed Psyche
  6598 | D:8      | Killed Psyche
  6599 | D:8      | Reached skill level 13 in Stealth
  6736 | D:8      | Noticed Grum
  6764 | D:8      | Killed Grum
  6893 | D:8      | Found a staircase to the Lair.
  7073 | D:8      | Noticed a two-headed ogre
  7084 | D:8      | Killed a two-headed ogre
  7085 | D:8      | Reached skill level 5 in Dodging
  7158 | D:8      | Noticed Maurice
  7163 | D:8      | Killed Maurice
  7508 | D:9      | Noticed a two-headed ogre
  7514 | D:9      | Killed a two-headed ogre
  7571 | D:9      | Reached ** piety under Dithmenos
  7771 | D:9      | Noticed a skeletal warrior
  7771 | D:9      | Noticed a skeletal warrior
  7796 | D:9      | Noticed a skeletal warrior
  7816 | D:9      | Noticed a skeletal warrior
  7899 | D:9      | Reached XP level 11. HP: 52/52 MP: 27/27
  8028 | D:9      | Noticed a skeletal warrior
  8304 | D:10     | Entered Level 10 of the Dungeon
  8385 | D:10     | Noticed Erica
  8393 | D:10     | Killed Erica
  8496 | D:10     | Found a sparkling altar of Nemelex Xobeh.
  8496 | D:10     | Found a faded altar of an unknown god.
  8536 | D:10     | Found a flagged portal.
  8551 | Bailey   | Entered a bailey
  8583 | Bailey   | Found a large runed translucent door.
  8583 | Bailey   | Found a large runed translucent door.
  8584 | Bailey   | Noticed a deep elf pyromancer
  8585 | Bailey   | Noticed an orc knight
  8658 | Bailey   | Killed an orc knight
  8659 | Bailey   | Reached skill level 14 in Stealth
  8931 | Bailey   | Killed a deep elf pyromancer
  8978 | Bailey   | Identified the +1 leather armour of Iveschoa {rF+ rC- Str+5
                  | Dex+4}
  9027 | D:10     | Reached skill level 5 in Short Blades
  9354 | D:10     | Found a staircase to the Orcish Mines.
  9367 | D:10     | Reached *** piety under Dithmenos
  9753 | D:10     | Found an ornate altar of the Wu Jian Council.
  9755 | D:10     | Found a faded altar of an unknown god.
  9757 | D:10     | Found a blossoming altar of Fedhas.
  9841 | D:11     | Reached **** piety under Dithmenos
 10218 | D:11     | Noticed Josephine
 10221 | D:11     | Killed Josephine
 10222 | D:11     | Reached skill level 15 in Stealth
 10236 | D:11     | Learned a level 3 spell: Dazzling Flash
 10271 | D:11     | Noticed a two-headed ogre
 10278 | D:11     | Killed a two-headed ogre
 10279 | D:11     | Reached XP level 12. HP: 58/58 MP: 29/29
 10810 | D:12     | Reached skill level 5 in Fighting
 10955 | D:12     | Noticed Sonja
 10979 | D:12     | Killed Sonja
 11043 | D:12     | Noticed a boulder beetle
 11058 | D:12     | Killed a boulder beetle
 11185 | D:12     | Noticed a tengu warrior
 11192 | D:12     | Killed a tengu warrior
 11210 | D:12     | Noticed a two-headed ogre
 11217 | D:12     | Killed a two-headed ogre
 11218 | D:12     | Reached skill level 16 in Stealth
 11626 | D:13     | Noticed a five-headed hydra
 11700 | D:13     | Noticed a yaktaur captain
 11701 | D:13     | Found a gate to the Vaults.
 11942 | D:13     | Killed a yaktaur captain
 12035 | D:13     | Identified the ring "Henoeliss" {rN+ Dex+6}
 12098 | D:13     | Reached XP level 13. HP: 65/65 MP: 28/31
 12334 | D:13     | Reached ***** piety under Dithmenos
 12335 | D:13     | Reached skill level 10 in Dodging
 12523 | D:14     | Found a huge runed gate.
 12523 | D:14     | Found a huge runed gate.
 12523 | D:14     | Found a huge runed gate.
 12523 | D:14     | Found a huge runed gate.
 12523 | D:14     | Found a huge runed gate.
 12523 | D:14     | Found a huge runed gate.
 12523 | D:14     | Found a huge runed gate.
 12523 | D:14     | Found a huge runed gate.
 12523 | D:14     | Found a huge runed gate.
 12523 | D:14     | Found a huge runed gate.
 12532 | D:14     | Found a huge runed gate.
 12532 | D:14     | Found a huge runed gate.
 12534 | D:14     | Found a huge runed gate.
 12536 | D:14     | Found a huge runed gate.
 12538 | D:14     | Found a huge runed gate.
 12538 | D:14     | Found a huge runed gate.
 12584 | D:14     | Found Lohawkoa's Magic Scroll Emporium.
 12589 | D:14     | Found Baruuse's Armour Boutique.
 12642 | D:14     | Found Namaj's Book Shoppe.
 12659 | D:14     | Found Boaxza Hyut's General Store.
 12680 | D:14     | Found a huge runed gate.
 12720 | D:14     | Found a huge runed gate.
 12720 | D:14     | Found a huge runed gate.
 12721 | D:14     | Found a huge runed gate.
 12722 | D:14     | Bought a potion of brilliance for 68 gold pieces
 12722 | D:14     | Found a huge runed gate.
 12723 | D:14     | Found a huge runed gate.
 12809 | D:14     | Reached skill level 17 in Stealth
 12956 | D:14     | Gained mutation: You occasionally lose the ability to read
                  | scrolls when taking damage. [potion of mutation]
 12956 | D:14     | Gained mutation: Your movements are slightly less
                  | encumbered by armour. (ER -2) [potion of mutation]
 12956 | D:14     | Gained mutation: You are frail. (-10% HP) [potion of
                  | mutation]
 12956 | D:14     | Gained mutation: Your flesh is cold resistant. (rC+)
                  | [potion of mutation]
 12957 | D:14     | Lost mutation: Your flesh is cold resistant. (rC+) [potion
                  | of mutation]
 12957 | D:14     | Lost mutation: You are frail. (-10% HP) [potion of
                  | mutation]
 12957 | D:14     | Lost mutation: Your movements are slightly less encumbered
                  | by armour. (ER -2) [potion of mutation]
 12957 | D:14     | Gained mutation: Your system is resistant to poisons.
                  | (rPois) [potion of mutation]
 12957 | D:14     | Gained mutation: Your body sometimes deteriorates upon
                  | taking damage. [potion of mutation]
 12957 | D:14     | Gained mutation: You have a pair of small horns on your
                  | head. [potion of mutation]
 12958 | D:14     | Lost mutation: Your system is resistant to poisons. (rPois)
                  | [potion of mutation]
 12958 | D:14     | Lost mutation: You occasionally lose the ability to read
                  | scrolls when taking damage. [potion of mutation]
 12958 | D:14     | Gained mutation: Your muscles are strong. (Str +4, Int/Dex
                  | -1) [potion of mutation]
 12959 | D:14     | Lost mutation: Your muscles are strong. (Str +4, Int/Dex
                  | -1) [potion of mutation]
 12959 | D:14     | Lost mutation: Your body sometimes deteriorates upon taking
                  | damage. [potion of mutation]
 12959 | D:14     | Gained mutation: You are clumsy. (Dex -2) [potion of
                  | mutation]
 12959 | D:14     | Lost mutation: You are clumsy. (Dex -2) [potion of
                  | mutation]
 12994 | D:14     | Found a huge runed gate.
 12994 | D:14     | Found a huge runed gate.
 12994 | D:14     | Found a huge runed gate.
 12994 | D:14     | Found a huge runed gate.
 12995 | D:14     | Found a huge runed gate.
 12995 | D:14     | Found a huge runed gate.
 12995 | D:14     | Found a huge runed gate.
 12998 | D:14     | Found a huge runed gate.
 12999 | D:14     | Found a huge runed gate.
 12999 | D:14     | Found a huge runed gate.
 13014 | D:14     | Found a huge runed gate.
 13014 | D:14     | Found a huge runed gate.
 13014 | D:14     | Found a huge runed gate.
 13024 | D:14     | Found a huge runed gate.
 13085 | D:14     | Noticed an ettin
 13085 | D:14     | Noticed an ettin
 13086 | D:14     | Found the +12 pair of quick blades "Gyre" and "Gimble"
                  | {protect}
 13087 | D:14     | Killed an ettin
 13090 | D:14     | Killed an ettin
 13300 | D:14     | Noticed Ignak's ghost (adept GnHW)
 13300 | D:14     | Noticed Qyz Coesm's ghost (journeyman FeAE)
 13300 | D:14     | Noticed Qetzeseq's ghost (journeyman MeCj)
 13300 | D:14     | Noticed Qetzeseq's ghost (journeyman MeCj)
 13300 | D:14     | Noticed Viumn's ghost (adept MiBe)
 13300 | D:14     | Noticed Guhulijo's ghost (journeyman FeAE)
 13300 | D:14     | Noticed Eczuitwu's ghost (adept GnHW)
 13300 | D:14     | Noticed Guhulijo's ghost (journeyman FeAE)
 13300 | D:14     | Noticed Qyz Coesm's ghost (journeyman FeAE)
 13301 | D:14     | Noticed Guhulijo's ghost (journeyman FeAE)
 13301 | D:14     | Noticed a fire dragon
 13474 | Lair:1   | Entered Level 1 of the Lair of Beasts
 14220 | Lair:2   | Found a shimmering blue altar of Sif Muna.
 14280 | Lair:2   | Found a staircase to the Shoals.
 14499 | Lair:2   | Reached XP level 14. HP: 72/72 MP: 33/33
 14562 | Lair:2   | Found a staircase to the Snake Pit.
 15193 | Lair:3   | Noticed borntocrawl's ghost (journeyman DsHu)
 15343 | Lair:3   | Reached ****** piety under Dithmenos
 15363 | Lair:3   | Found a runed translucent gate.
 15364 | Lair:3   | Found a runed translucent gate.
 15365 | Lair:3   | Found a runed translucent gate.
 15394 | Lair:3   | Killed borntocrawl's ghost
 15502 | Lair:3   | Reached skill level 18 in Stealth
 15579 | Lair:3   | Reached skill level 10 in Short Blades
 16021 | Lair:4   | Found a runed translucent door.
 16026 | Lair:4   | Found a viscous altar of Jiyva.
 16038 | Lair:4   | Found a staircase to the Slime Pits.
 16038 | Lair:4   | Noticed an acid blob
 16046 | Lair:4   | Killed an acid blob
 16047 | Lair:4   | Reached skill level 15 in Hexes
 16487 | Lair:5   | Entered Level 5 of the Lair of Beasts
 16681 | Lair:5   | Reached skill level 15 in Spellcasting
 16953 | Lair:5   | Identified the +1 robe "Luxad" {Will+}
 17366 | Lair:5   | Reached XP level 15. HP: 77/77 MP: 35/35
 17867 | Lair:5   | Found a corrupted altar of Lugonu.
 17867 | Lair:5   | Found a one-way gate to the infinite horrors of the Abyss.
 17874 | Lair:5   | Reached skill level 19 in Stealth
 18233 | Orc:1    | Entered Level 1 of the Orcish Mines
 18666 | Orc:2    | Entered Level 2 of the Orcish Mines
 18697 | Orc:2    | Found a staircase to the Elven Halls.
 18834 | Orc:2    | Found Igemox Suer's Overcharged Wands.
 18835 | Orc:2    | Noticed Erolcha
 18853 | Orc:2    | Killed Erolcha
 18910 | Orc:2    | Found Dishewoh's Distillery.
 18918 | Orc:2    | Bought a potion of heal wounds for 80 gold pieces
 18918 | Orc:2    | Bought a potion of resistance for 160 gold pieces
 18918 | Orc:2    | Bought a potion of ambrosia for 128 gold pieces
 18918 | Orc:2    | Bought a potion of flight for 48 gold pieces
 18918 | Orc:2    | Bought a potion of curing for 48 gold pieces
 19227 | Orc:2    | HP: 1/78 [spore (18)]
 19227 | Orc:2    | Killed by an exploding orc... ignited by their inner flame

Illustrated notes

Levels and vault maps discovered:
D:1:      psy_arrival_basics, layout_basic
D:2:      layout_rooms, minmay_ruptured
D:3:      layout_basic, mainiacjoe_overflow_chevrons,
          mainiacjoe_overflow_small_starburst,
          shapermc_ecumenical_altar_starsandcircs, ebering_ghost_sewer_d,
          uniq_crazy_yiuf_cottage
D:4:      layout_loops_ring, mainiacjoe_overflow_concentric_impassable,
          minmay_hollow_rounded_squares, uniq_pikel
D:5:      layout_rooms, regret_index_temple_of_mockery, lemuel_tele_altar,
          mainiacjoe_overflow_boulevard, nicolae_overflow_squiral
D:6:      minmay_cornered_nines, layout_cave_pools, minmay_temple_entry_slanted,
          gammafunk_ghost_stat_death, nicolae_wooded_promenade,
          corexii_item_surrounded_by_moat, chequers_serial_rivers_marsh,
          hangedman_decor_push, kennysheep_generic_room_11
D:7:      layout_basic, fiery_altar_vehumet, old_standard_altar, uniq_duvessa
D:8:      layout_basic, lair_entry_dummy, uniq_grum, uniq_maurice, uniq_psyche
D:9:      layout_loops_ring
D:10:     layout_rooms, chequers_temple_overflow_minitemple, zombieorc1_lemuel,
          enter_bailey_3, nicolae_lava_and_water, patterned_corridor, uniq_erica
D:11:     layout_stronghold, uniq_josephine
D:12:     layout_big_octagon, kb_tengu_band, uniq_sonja
D:13:     layout_roguey, david_vaults_2
D:14:     layout_rooms, gammafunk_ghost_door_vault, serial_shops,
          nicolae_square_shop, shop_statue, nicolae_shop_statue_plus,
          nicolae_shop_hallway_stairs, hellmonk_guarded_unrand_gyre_and_gimble
Temple:   nicolae_temple_ecumenical_triangle
Lair:1:   layout_regular_city, grunt_megastairs_2
Lair:2:   layout_misc_corridors, minmay_shoals_entry_centaurs, basic_altar,
          minmay_lair_oklob_items
Lair:3:   layout_hall_layers, maelrawn_ghost_gauntlet_escape, nzn_random_ring,
          serial_bayou_shore_b
Lair:4:   layout_gridlike, slime_entry_2, lemuel_fruit_tree, lemuel_fruit_fields
Lair:5:   hellmonk_lair_end_abyssal_woods, layout_cave_pods, disabler_island
Orc:1:    layout_caves
Orc:2:    st_orc_congregation, layout_caves, serial_shops, shop,
          nicolae_shop_overcharged_wands, uniq_erolcha

Skill      XL: |  1  2  3  4  5  6  7  8  9 10 11 12 13 14 15 |
---------------+----------------------------------------------+-----
Spellcasting   | 3 4 5 6 8 10 11 12 13 14 15 | 15.4
Hexes          | 4 5 6 7 8 9 10 11 12 13 14 15 | 15.6
Stealth        | 5 7 9 10 12 13 15 16 17 18 19 | 19.1
Dodging        | 3 5 8 9 11 12 13 | 13.2
Short Blades   | 2 4 6 7 9 10 11 | 11.1
Fighting       | 3 4 5 7 8 |  8.4

Action                   |  1- 3 |  4- 6 |  7- 9 | 10-12 | 13-15 || total
-------------------------+-------+-------+-------+-------+-------++-------
Melee: Dagger            |   114 |    99 |   124 |   517 |    89 ||   943
       Punch             |       |       |     3 |     6 |     1 ||    10
       Pair of quick bla |       |       |       |       |   580 ||   580
       Headbutt          |       |       |       |       |   172 ||   172
Throw: Dart              |       |       |       |     1 |       ||     1
 Cast: Ensorcelled Hiber |    10 |     5 |    25 |    39 |    26 ||   105
       Tukima's Dance    |       |     2 |     4 |    46 |     2 ||    54
       Confusing Touch   |       |     2 |     6 |    15 |     8 ||    31
       Dazzling Flash    |       |       |       |       |    10 ||    10
Invok: Shadow Step       |       |       |       |     1 |     2 ||     3
Evoke: Wand              |       |       |       |     2 |     1 ||     3
  Use: Scroll            |     7 |     5 |     6 |     7 |     6 ||    31
       Potion            |       |       |       |       |     5 ||     5
 Stab: Sleeping          |    11 |    12 |    33 |    80 |    85 ||   221
       Confused          |       |     1 |     5 |    10 |     6 ||    22
       Distracted        |       |       |       |     2 |    11 ||    13
       Invisible         |       |       |       |     1 |    18 ||    19
Armor: Robe              |    11 |     6 |    13 |    69 |    46 ||   145
Dodge: Dodged            |    75 |    40 |    72 |   556 |   409 ||  1152

Table legend: (Time is in decaauts)
 A = Elapsed time spent in this place.
 B = Non-inter-level travel time spent in this place.
 C = Inter-level travel time spent in this place.
 D = Time resting spent in this place.
 E = Time spent auto-exploring this place.
 F = Levels seen in this place.
 G = Mean time per level.
                   A        B        C        D        E       F      G
               +--------+--------+--------+--------+--------+-----+--------+
         Total |  12857 |  12311 |    546 |    542 |   8436 |  23 |  559.0 |
       Dungeon |   9009 |   8618 |    391 |    468 |   5665 |  14 |  643.5 |
        Temple |     14 |      9 |      5 |      0 |      0 |   1 |   14.0 |
          Lair |   2870 |   2729 |    141 |     74 |   2034 |   5 |  574.0 |
  Orcish Mines |    592 |    585 |      7 |      0 |    473 |   2 |  296.0 |
        Bailey |    371 |    371 |      0 |      0 |    263 |   1 |  371.0 |
               +--------+--------+--------+--------+--------+-----+--------+

Top non-repeatable levels by time:
  Lair:5: 1036 daAuts
     D:7: 873 daAuts
     D:4: 841 daAuts
     D:3: 834 daAuts
    D:13: 791 daAuts
    D:10: 752 daAuts
     D:8: 719 daAuts
    D:11: 654 daAuts
     D:1: 586 daAuts
    D:14: 552 daAuts
     D:9: 547 daAuts
     D:6: 538 daAuts
    D:12: 519 daAuts
  Lair:3: 468 daAuts
  Lair:2: 468 daAuts
